[ PARTIDA AOE2 · #467361801 ]
1v1 RMChinos vs Vietnamese
Equipo del jugador · DERR
Equipo rival · VICT
[ ANÁLISIS DE REPETICIÓN · EXTRAÍDO DE LA PARTIDA GRABADA ]
Feudal
9:55
Castillos
18:55
Imperial
41:50
| APM promedio | 35.4 |
| APM pico | 94 |
| eAPM promedio | 20.5 |
| Aldeanos / militares | 168 / 140 |
Foco
⚔️ 41.6% · 🌾 58.4%
Skirmisher ×76 · Knight ×47 · Chu Ko Nu ×8 · Trebuchet (Packed) ×4 · Spearman ×2 · Iron Pagoda ×1
Feudal
10:34
Castillos
20:19
Imperial
37:54
| APM promedio | 41.9 |
| APM pico | 99 |
| eAPM promedio | 14.4 |
| Aldeanos / militares | 121 / 163 |
Foco
⚔️ 36.6% · 🌾 63.4%
Cavalry Archer ×85 · Scout Cavalry ×65 · Bombard Cannon ×8 · Archer ×5
Mapa de la partida
Recursos al inicio + cada clic de construcción. Línea gruesa = muro · recuadro discontinuo = muro de casas detectado. 🟡 oro · ⚪ piedra · 🟢 bayas · 🔶 jabalí · ⭕ reliquia
Inputs por minuto
— weifu.w - - Wicket
Build order — weifu.w
Primeras 150 de 469 acciones detectadas
| 0:01 | Investigar | Loom |
| 0:01 | Investigar | Loom |
| 0:41 | Crear | Villager (Male) |
| 0:41 | Crear | Villager (Male) |
| 0:42 | Crear | Villager (Male) |
| 1:06 | Crear | Villager (Male) |
| 1:06 | Crear | Villager (Male) |
| 1:37 | Crear | Villager (Male) |
| 1:37 | Crear | Villager (Male) |
| 1:48 | Construir | Lumber Camp |
| 1:55 | Crear | Villager (Male) |
| 1:55 | Crear | Villager (Male) |
| 2:27 | Crear | Villager (Male) |
| 3:02 | Crear | Villager (Male) |
| 3:02 | Crear | Villager (Male) |
| 3:18 | Construir | House |
| 3:26 | Crear | Villager (Male) |
| 3:26 | Crear | Villager (Male) |
| 3:55 | Crear | Villager (Male) |
| 3:56 | Crear | Villager (Male) |
| 3:56 | Crear | Villager (Male) |
| 4:25 | Crear | Villager (Male) |
| 4:25 | Crear | Villager (Male) |
| 4:34 | Construir | Mill |
| 4:34 | Crear | Villager (Male) |
| 4:34 | Crear | Villager (Male) |
| 4:41 | Crear | Villager (Male) |
| 4:41 | Crear | Villager (Male) |
| 4:41 | Crear | Villager (Male) |
| 4:42 | Crear | Villager (Male) |
| 4:54 | Construir | House |
| 5:24 | Crear | Villager (Male) |
| 5:25 | Crear | Villager (Male) |
| 5:25 | Crear | Villager (Male) |
| 5:52 | Crear | Villager (Male) |
| 5:52 | Crear | Villager (Male) |
| 5:53 | Crear | Villager (Male) |
| 5:53 | Crear | Villager (Male) |
| 6:08 | Crear | Villager (Male) |
| 6:09 | Crear | Villager (Male) |
| 6:09 | Crear | Villager (Male) |
| 6:24 | Crear | Villager (Male) |
| 6:24 | Crear | Villager (Male) |
| 6:31 | Crear | Villager (Male) |
| 6:31 | Crear | Villager (Male) |
| 6:35 | Construir | House |
| 6:54 | Construir | Palisade Wall |
| 7:08 | Construir | House |
| 7:11 | Construir | Palisade Wall |
| 7:32 | Investigar | Feudal Age |
| 7:32 | Investigar | Feudal Age |
| 7:47 | Construir | House |
| 8:10 | Construir | House |
| 8:23 | Construir | Palisade Wall |
| 8:44 | Construir | Barracks |
| 8:55 | Construir | Palisade Wall |
| 9:03 | Construir | Palisade Wall |
| 9:08 | Construir | Palisade Wall |
| 9:10 | Crear | Villager (Male) |
| 9:32 | Construir | Palisade Wall |
| 9:37 | Crear | Villager (Male) |
| 9:47 | Construir | House |
| 9:53 | Construir | Palisade Wall |
| 9:55 | Edad | Edad Feudal |
| 9:58 | Crear | Villager (Male) |
| 10:04 | Crear | Villager (Male) |
| 10:10 | Construir | House |
| 10:14 | Crear | Villager (Male) |
| 10:18 | Investigar | Double-Bit Axe |
| 10:22 | Construir | Palisade Wall |
| 10:25 | Construir | Palisade Wall |
| 10:26 | Crear | Villager (Male) |
| 10:30 | Construir | Mill |
| 10:34 | Crear | Villager (Male) |
| 10:45 | Crear | Villager (Male) |
| 11:00 | Construir | House |
| 11:01 | Crear | Villager (Male) |
| 11:04 | Construir | House |
| 11:08 | Construir | Palisade Wall |
| 11:12 | Crear | Villager (Male) |
| 11:18 | Crear | Villager (Male) |
| 11:22 | Construir | Mining Camp |
| 11:23 | Crear | Villager (Male) |
| 11:29 | Crear | Villager (Male) |
| 11:47 | Construir | Market |
| 11:51 | Construir | House |
| 12:08 | Construir | Blacksmith |
| 12:15 | Crear | Villager (Male) |
| 12:21 | Crear | Villager (Male) |
| 12:35 | Construir | Lumber Camp |
| 12:36 | Crear | Villager (Male) |
| 12:49 | Construir | Farm |
| 12:52 | Construir | Farm |
| 13:04 | Construir | Farm |
| 13:05 | Crear | Villager (Male) |
| 13:14 | Crear | Villager (Male) |
| 13:20 | Construir | Farm |
| 13:38 | Crear | Villager (Male) |
| 13:47 | Crear | Spearman |
| 13:55 | Construir | Farm |
| 14:00 | Construir | Farm |
| 14:04 | Construir | Farm |
| 14:05 | Crear | Villager (Male) |
| 14:15 | Construir | Farm |
| 14:16 | Crear | Villager (Male) |
| 14:26 | Crear | Villager (Male) |
| 14:47 | Construir | House |
| 14:48 | Construir | House |
| 15:03 | Construir | Archery Range |
| 15:31 | Crear | Villager (Male) |
| 15:44 | Crear | Villager (Male) |
| 15:51 | Crear | Skirmisher |
| 16:15 | Investigar | Castle Age |
| 16:22 | Crear | Skirmisher |
| 16:24 | Investigar | Fletching |
| 16:41 | Crear | Skirmisher |
| 16:51 | Crear | Skirmisher |
| 16:57 | Construir | Lumber Camp |
| 17:04 | Crear | Skirmisher |
| 17:07 | Investigar | Padded Archer Armor |
| 17:26 | Crear | Skirmisher |
| 17:55 | Construir | House |
| 17:57 | Construir | House |
| 17:58 | Crear | Villager (Male) |
| 18:11 | Crear | Villager (Male) |
| 18:21 | Crear | Skirmisher |
| 18:29 | Construir | Stable |
| 18:39 | Crear | Skirmisher |
| 18:53 | Investigar | Horse Collar |
| 18:55 | Edad | Edad de los Castillos |
| 19:00 | Construir | Farm |
| 19:01 | Construir | Farm |
| 19:01 | Construir | Farm |
| 19:06 | Investigar | Bodkin Arrow |
| 19:07 | Crear | Skirmisher |
| 19:07 | Crear | Skirmisher |
| 19:13 | Construir | House |
| 19:31 | Crear | Knight |
| 19:57 | Crear | Villager (Male) |
| 19:59 | Construir | Farm |
| 19:59 | Crear | Villager (Male) |
| 20:12 | Investigar | Elite Skirmisher (upgrade) |
| 20:12 | Investigar | Elite Skirmisher (upgrade) |
| 20:25 | Crear | Skirmisher |
| 20:48 | Crear | Skirmisher |
| 21:00 | Crear | Knight |
| 21:04 | Crear | Skirmisher |
| 21:10 | Construir | Siege Workshop |
| 21:13 | Crear | Villager (Male) |
| 21:28 | Crear | Villager (Male) |
Build order — Wicket
Primeras 150 de 278 acciones detectadas
| 0:01 | Crear | Villager (Male) ×4 |
| 0:03 | Construir | House |
| 0:04 | Construir | House |
| 1:38 | Crear | Villager (Male) |
| 1:53 | Crear | Villager (Male) |
| 2:07 | Construir | Lumber Camp |
| 2:36 | Crear | Villager (Male) |
| 2:43 | Crear | Villager (Male) |
| 3:15 | Crear | Villager (Male) |
| 3:48 | Crear | Villager (Male) |
| 4:26 | Crear | Villager (Male) |
| 4:31 | Construir | Mill |
| 4:32 | Crear | Villager (Male) |
| 4:58 | Investigar | Loom |
| 5:03 | Construir | House |
| 5:12 | Crear | Villager (Male) |
| 5:36 | Construir | House |
| 5:50 | Crear | Villager (Male) |
| 6:04 | Crear | Villager (Male) |
| 6:16 | Construir | Palisade Wall |
| 6:18 | Crear | Villager (Male) |
| 6:20 | Crear | Villager (Male) |
| 6:21 | Crear | Villager (Male) |
| 6:21 | Crear | Villager (Male) |
| 7:33 | Construir | House |
| 8:00 | Construir | Palisade Wall |
| 8:18 | Investigar | Feudal Age |
| 8:43 | Construir | Barracks |
| 8:52 | Construir | Palisade Wall |
| 9:01 | Construir | Palisade Wall |
| 9:31 | Construir | Mining Camp |
| 9:42 | Construir | Palisade Gate |
| 9:46 | Construir | Palisade Wall |
| 10:33 | Crear | Villager (Male) |
| 10:34 | Crear | Villager (Male) |
| 10:34 | Edad | Edad Feudal |
| 10:36 | Construir | Archery Range |
| 11:02 | Construir | Lumber Camp |
| 11:09 | Crear | Villager (Male) |
| 11:16 | Crear | Villager (Male) |
| 11:19 | Investigar | Double-Bit Axe |
| 11:24 | Crear | Archer |
| 11:24 | Crear | Archer |
| 11:29 | Construir | House |
| 11:40 | Crear | Archer |
| 12:01 | Crear | Archer |
| 12:12 | Construir | Blacksmith |
| 12:14 | Crear | Villager (Male) |
| 12:16 | Crear | Archer |
| 12:27 | Construir | Mill |
| 13:20 | Crear | Villager (Male) |
| 13:21 | Crear | Villager (Male) |
| 13:27 | Construir | House |
| 13:31 | Investigar | Fletching |
| 13:59 | Crear | Villager (Male) |
| 14:26 | Construir | House |
| 14:53 | Crear | Villager (Male) |
| 14:53 | Crear | Villager (Male) |
| 14:56 | Crear | Villager (Male) |
| 15:01 | Construir | Farm |
| 15:03 | Construir | Farm |
| 15:07 | Construir | Farm |
| 16:05 | Construir | Farm |
| 16:09 | Construir | Market |
| 16:10 | Crear | Villager (Male) |
| 16:12 | Crear | Villager (Male) |
| 16:44 | Crear | Villager (Male) |
| 16:56 | Construir | House |
| 17:18 | Construir | Farm |
| 17:21 | Construir | Farm |
| 17:39 | Investigar | Castle Age |
| 18:32 | Construir | House |
| 18:43 | Construir | Archery Range |
| 18:57 | Construir | Archery Range |
| 19:33 | Investigar | Gold Mining |
| 19:55 | Crear | Villager (Male) |
| 19:55 | Crear | Villager (Male) |
| 20:19 | Edad | Edad de los Castillos |
| 20:22 | Construir | Farm |
| 20:28 | Construir | Town Center |
| 20:32 | Construir | University |
| 20:34 | Crear | Cavalry Archer ×5 |
| 20:37 | Investigar | Bodkin Arrow |
| 20:52 | Crear | Villager (Male) |
| 20:58 | Investigar | Bow Saw |
| 21:01 | Crear | Villager (Male) |
| 21:16 | Construir | Palisade Gate |
| 21:27 | Construir | House |
| 21:29 | Construir | House |
| 21:32 | Crear | Villager (Male) |
| 21:32 | Crear | Villager (Male) |
| 21:35 | Crear | Cavalry Archer ×5 |
| 21:44 | Crear | Villager (Male) |
| 22:03 | Construir | Palisade Gate |
| 22:07 | Construir | Farm |
| 22:10 | Construir | Farm |
| 22:10 | Crear | Villager (Male) ×2 |
| 22:13 | Construir | Farm |
| 22:16 | Crear | Cavalry Archer ×2 |
| 22:37 | Construir | Farm |
| 22:41 | Crear | Villager (Male) |
| 22:43 | Crear | Villager (Male) |
| 22:44 | Crear | Cavalry Archer ×5 |
| 22:50 | Construir | Farm |
| 23:06 | Investigar | Horse Collar |
| 23:12 | Crear | Cavalry Archer ×2 |
| 23:33 | Crear | Villager (Male) |
| 23:34 | Crear | Villager (Male) |
| 23:36 | Crear | Cavalry Archer ×2 |
| 23:56 | Crear | Villager (Male) |
| 23:57 | Crear | Villager (Male) |
| 24:05 | Investigar | Ballistics |
| 24:05 | Crear | Villager (Male) |
| 24:08 | Crear | Cavalry Archer |
| 24:23 | Crear | Villager (Male) |
| 24:30 | Construir | House |
| 24:31 | Construir | House |
| 24:34 | Investigar | Wheelbarrow |
| 24:43 | Crear | Cavalry Archer ×3 |
| 24:51 | Construir | Farm |
| 24:52 | Construir | Farm |
| 24:53 | Construir | Farm |
| 25:36 | Crear | Villager (Male) ×4 |
| 25:37 | Crear | Cavalry Archer ×2 |
| 26:23 | Construir | House |
| 26:24 | Crear | Villager (Male) ×5 |
| 26:25 | Crear | Cavalry Archer ×5 |
| 26:29 | Construir | Farm |
| 26:30 | Construir | Farm |
| 26:35 | Construir | Farm |
| 26:35 | Construir | Farm |
| 26:35 | Construir | Farm |
| 26:36 | Construir | Farm |
| 26:36 | Construir | Farm |
| 26:36 | Construir | Farm |
| 26:59 | Crear | Villager (Male) ×3 |
| 27:00 | Crear | Cavalry Archer ×3 |
| 27:39 | Construir | House |
| 27:39 | Crear | Villager (Male) ×4 |
| 27:41 | Crear | Cavalry Archer ×4 |
| 27:44 | Construir | Farm |
| 27:46 | Crear | Villager (Male) |
| 28:27 | Construir | House |
| 28:31 | Investigar | Hand Cart |
| 28:34 | Investigar | Town Watch |
| 28:35 | Investigar | Padded Archer Armor |
| 28:47 | Construir | House |
| 28:48 | Crear | Villager (Male) |
| 28:49 | Crear | Villager (Male) |
| 28:54 | Construir | Mining Camp |
Cronología de la partida
| 6:16 | Wicket · wall_segment Palisade Wall x17 |
| 6:54 | weifu.w · wall_segment Palisade Wall x5 |
| 7:11 | weifu.w · wall_segment Palisade Wall x7 |
| 8:00 | Wicket · wall_segment Palisade Wall x4 |
| 8:23 | weifu.w · wall_segment Palisade Wall x5 |
| 8:43 | Wicket · first_building Barracks |
| 8:44 | weifu.w · first_building Barracks |
| 8:52 | Wicket · wall_segment Palisade Wall x1 |
| 8:55 | weifu.w · wall_segment Palisade Wall x5 |
| 9:01 | Wicket · wall_segment Palisade Wall x7 |
| 9:03 | weifu.w · wall_segment Palisade Wall x1 |
| 9:08 | weifu.w · wall_segment Palisade Wall x4 |
| 9:32 | weifu.w · wall_segment Palisade Wall x3 |
| 9:46 | Wicket · wall_segment Palisade Wall x1 |
| 9:53 | weifu.w · wall_segment Palisade Wall x6 |
| 9:55 | weifu.w · age_up feudal |
| 10:22 | weifu.w · wall_segment Palisade Wall x7 |
| 10:25 | weifu.w · wall_segment Palisade Wall x4 |
| 10:34 | Wicket · age_up feudal |
| 10:36 | Wicket · first_building Archery Range |
| 11:08 | weifu.w · wall_segment Palisade Wall x1 |
| 15:03 | weifu.w · first_building Archery Range |
| 15:41 | weifu.w · first_market_buy 100 food |
| 16:14 | weifu.w · first_market_sell 100 wood |
| 17:32 | Wicket · first_market_sell 100 stone |
| 17:34 | Wicket · first_market_buy 100 food |
| 18:29 | weifu.w · first_building Stable |
| 18:55 | weifu.w · age_up castle |
| 20:19 | Wicket · age_up castle |
| 21:10 | weifu.w · first_building Siege Workshop |
| 22:38 | weifu.w · wall_segment Stone Wall x15 |
| 29:39 | weifu.w · wall_segment Stone Wall x9 |
| 30:27 | Wicket · first_building Stable |
| 33:07 | Wicket · first_building Castle |
| 33:53 | Wicket · first_building Siege Workshop |
| 37:37 | weifu.w · first_building Castle |
| 37:54 | Wicket · age_up imperial |
| 41:50 | weifu.w · age_up imperial |
| 45:49 | weifu.w · resign |
[ ANÁLISIS IA · 1 CRÉDITO ]
¿Qué pasó realmente en esta partida?
Wolo.gg analiza cada decisión: build order, eco, micro, errores típicos por bracket. Análisis personalizado por WhatsApp o Discord en 30 segundos.
Guía civ
Chinos
Guía mapa
Arabia
Perfil
weifu.w